Map: Beckett Industries LE

Players

ViBE - Winner!

  • Race: Zerg Zerg
  • League: Master

Raúl

  • Race: Zerg Zerg
  • League: Diamond

VOD

Have the link to the VOD?

Description

Time

  • Played on: May 4, 2021, 8:50 p.m.
  • Length: 4:36
Show
View Real Time Build Order
Export as new Build Order

ViBE Zerg - Winner!

Build Orders: Hatch First 

Get SALT Encoding   

  12  0:00  Drone  
  13  0:13  Overlord  
  13  0:17  Drone  
  14  0:31  Drone x2  
  16  0:49  Hatchery  
  15  0:52  Drone  
  16  0:57  Drone  
  16  1:01  Drone  
  18  1:11  Extractor  
  17  1:15  Spawning Pool  
  17  1:18  Drone  
  17  1:24  Drone  
  18  1:28  Drone  
  19  1:41  Drone  
  19  1:46  Evolution Chamber  
  19  2:02  Queen x2  
  19  2:05  Drone x3  
  26  2:13  Zerg Melee Weapons Level 1  
  26  2:17  Spine Crawler  
  25  2:23  Zergling x2  
  26  2:30  Overlord  
  26  2:39  Zergling x2  
  27  2:47  Metabolic Boost  
  27  2:56  Drone x2  
  27  2:57  Drone x4  
  33  3:07  Evolution Chamber x3  
  33  3:11  Evolution Chamber  
  28  3:33  Zergling x10  
  36  3:38  Overlord  
  36  3:48  Overlord  
  36  3:49  Hatchery  
  35  3:58  Zergling x4  
  35  3:59  Zergling x14  
  44  4:09  Baneling Nest  
  43  4:10  Overlord  
  43  4:18  Zergling x10  
  43  4:19  Zergling x2  
Show
View Real Time Build Order
Export as new Build Order

Raúl Zerg 

Build Orders: Pool First 

Get SALT Encoding   

  12  0:01  Drone  
  13  0:08  Drone  
  14  0:14  Extractor  
  14  0:16  Drone  
  14  0:28  Extractor, Drone  
  13  0:31  Overlord  
  15  0:49  Drone x2  
  17  0:55  Drone  
  18  1:06  Drone  
  19  1:18  Spawning Pool  
  19  1:24  Hatchery  
  17  1:27  Drone x2  
  19  1:43  Overlord  
  19  2:10  Zergling x6  
  19  2:12  Queen  
  24  2:17  Metabolic Boost  
  24  2:22  Baneling Nest  
  23  2:23  Drone  
  24  2:34  Zergling x2  
  24  2:36  Queen  
  27  2:38  Drone  
  28  2:49  Drone x2  
  30  2:57  Drone  
  31  2:59  Drone  
  32  3:05  Extractor  
  31  3:17  Drone x3  
  33  3:30  Drone  
  33  3:31  Drone  
  33  3:33  Overlord  
  35  3:35  Overlord  
  35  3:46  Hatchery  
  35  3:47  Extractor, Drone  
  35  3:48  Drone  
  35  3:55  Drone x4  
  39  4:00  Evolution Chamber x2  
  37  4:03  Evolution Chamber  
  37  4:08  Drone x2  
  38  4:15  Drone  
Tags
 
Add a new tag
Caveats
  • Supply blocks, unpowered buildings, or Contaminate may cause inaccurate times.
  • Supply counts are checked every 10 seconds.